 Dungeon Crawl Stone Soup version 0.25-a0-42-g6c54e25 (webtiles) character file.

Game seed: 10940463952468410600, levelgen mode: deterministic

56 CrawlingInMySkin the Grasshopper (level 3, 0/33 HPs)
             Began as a Naga Warper on Oct 22, 2019.
             Slain by a quokka (3 damage)
             ... on level 2 of the Dungeon.
             The game lasted 00:06:50 (1596 turns).

CrawlingInMySkin the Grasshopper (Naga Warper)      Turns: 1596, Time: 00:06:50

Health: 0/33       AC:  2    Str: 13    XL:     3   Next: 95%
Magic:  6/6        EV:  9    Int: 14    God:
Gold:   40         SH:  0    Dex: 10    Spells: 6/6 levels left

rFire    + . .     SeeInvis +   a - +0 spear
rCold    . . .     Gourm    .   (no shield)
rNeg     . . .     Faith    .   b - +0 leather armour
rPois    +         Spirit   .   (no helmet)
rElec    .         Reflect  .   (no cloak)
rCorr    .         Harm     .   (no gloves)
MR       .....                  (no barding)
Stlth    ++........             (no amulet)
HPRegen  0.11/turn              h - ring of protection from fire
MPRegen  0.10/turn              (no ring)

@: short of breath, very slow
A: large, see invisible, deformed body, poison resistance, slowness 2, slow
metabolism 1, spit poison 1, AC +1
a: Spit Poison


You were on level 2 of the Dungeon.
You were hungry.

You visited 1 branch of the dungeon, and saw 2 of its levels.

You collected 40 gold pieces.

Inventory:

Hand Weapons
 a - a +0 spear (weapon)
 q - a +0 dagger of venom
Missiles
 e - 5 boomerangs of dispersal (quivered)
 i - 30 sling bullets
 j - 29 arrows
 k - 15 poisoned darts
Armour
 b - a +0 leather armour (worn)
Jewellery
 h - a ring of protection from fire (left hand)
Scrolls
 d - a scroll of blinking
 g - 2 scrolls of identify {unknown}
 m - a scroll of fear {unknown}
 n - a scroll of amnesia {unknown}
 o - a scroll of enchant weapon {unknown}
Comestibles
 f - 4 rations
 l - 5 chunks of flesh


   Skills:
 + Level 2.5 Fighting
 + Level 2.5 Polearms
 - Level 1.0 Throwing
 - Level 1.0 Armour
 - Level 2.0 Dodging
 - Level 2.0 Stealth
 + Level 2.4 Spellcasting
   Level 3.0 Translocations


You had 6 spell levels left.
You didn't know any spells.
Your spell library contained the following spells:

 Spells                   Type           Power        Failure   Level  Hunger
 Blink                    Tloc           N/A          13%         2    ###....
 Shroud of Golubria       Chrm/Tloc      #.....       24%         2    ###....
 Gell's Gravitas          Tloc           ##........   26%         3    ###....
 Lesser Beckoning         Tloc           ##........   26%         3    ###....
 Teleport Other           Tloc           ##......     26%         3    ###....
 Passage of Golubria      Tloc           N/A          63%         4    #####..


Dungeon Overview and Level Annotations

Branches:
Dungeon (2/15)

Altars:


Innate Abilities, Weirdness & Mutations

You cannot wear boots.
Your serpentine skin is tough. (AC +1)
You have supernaturally acute eyesight. (SInv)
Armour fits poorly on your strangely shaped body.
Your system is resistant to poisons. (rPois)
You cover ground very slowly.
You have a slow metabolism.
You can spit poison.


Message History

The leopard gecko bites you but does no damage.
You hit the leopard gecko.
You kill the leopard gecko!
A quokka comes into view.
You have got your breath back.
Things that are here:
a +0 club; a hobgoblin skeleton
Press: ? - help, Shift-Dir - straight line, f - quokka
Aim: a quokka The splash of poison misses the quokka.
You feel slightly more hungry.
Fire/throw which item? (* to show all) (? for menu, Esc to quit)
Throwing (i - inventory. (/) - cycle)
e - 5 boomerangs of dispersal (quivered)
Press: ? - help, Shift-Dir - straight line, f/p - quokka
Aim: a quokka You throw a poisoned dart.
The poisoned dart barely misses the quokka.
You hit the quokka.
The quokka is heavily wounded.
The quokka bites you.
You die...

.# #.##..§§§P.#
###.#
###....(§PP§§##.#.
...
.r........§........
#.#
###.....##.####.#.#
#.# ...........# #
#)# #######.####
#.# #)# #.# #r#
#.####### #@#
#<.^8^..# #)#
########.# #.#
#........# #.#
#.#####.## #.# #..#
#.# ##.# ##.# #.##
#..#### #..#
#.....#


You could see a quokka.

Vanquished Creatures
  An adder (D:2)
  A dart slug (D:2)
  A leopard gecko (D:2)
  2 giant cockroaches (D:2)
  6 goblins
  6 hobgoblins
  4 jackals (D:1)
  6 kobolds
  A ball python (D:1)
  6 bats
  A leopard gecko zombie (D:2)
  6 rats
41 creatures vanquished.

Notes
Turn   | Place    | Note
-------+----------+-------------------------------------------
     0 | D:1      | CrawlingInMySkin the Naga Warper began the quest for the
                  | Orb.
     0 | D:1      | Reached XP level 1. HP: 19/19 MP: 3/3
   190 | D:1      | Reached skill level 1 in Armour
   195 | D:1      | Reached skill level 1 in Throwing
   197 | D:1      | Reached XP level 2. HP: 26/26 MP: 5/5
   499 | D:1      | Reached skill level 1 in Stealth
   954 | D:1      | Reached XP level 3. HP: 32/32 MP: 6/6
  1579 | D:2      | HP: 1/33 [adder (2)]
  1596 | D:2      | Slain by a quokka

Levels and vault maps discovered:
D:1:      ncdulo_smallfort, layout_rooms, corexii_hall_statues_l
D:2:      layout_basic, overflow_temple_1_default, serial_undead,
          serial_undead_a, serial_undead_c, serial_undead_c, serial_undead_b,
          first_ration, ebering_dispersal_statue_hall

Skill      XL: |  1  2  3 |
---------------+----------+-----
Armour         | 1 |  1.0
Throwing       | 1 |  1.0
Stealth        | 1 2 |  2.0
Dodging        | 2 |  2.0
Fighting       | |  2.5
Polearms       | |  2.5
Spellcasting   | |  2.4
Translocations | |  3.0

Action                   || total
-------------------------++-------
Melee: Spear             ||   157
       Dagger            ||     6
Throw: Dart              ||     1
 Abil: Spit Poison       ||     9
  Use: Potion            ||     1
 Stab: Sleeping          ||     1
  Eat: Chunk             ||     1
Armor: Leather armour    ||    30
Dodge: Dodged            ||    89

Table legend:
 A = Non-vault XP
 B = Vault XP
 C = Vault XP percentage of total XP
 D = Non-vault monster count
 E = Vault monster count
 F = Vault count percentage of total count
                 A         B        C        D         E       F
            +---------+---------+-------+---------+---------+-------
      Total |      79 |       1 |   1.2 |      40 |       1 |   2.4
            +---------+---------+-------+---------+---------+-------
        D:1 |      41 |       0 |   0.0 |      26 |       0 |   0.0
        D:2 |      38 |       1 |   2.6 |      14 |       1 |   6.7
            +---------+---------+-------+---------+---------+-------
